 Dungeon Crawl Stone Soup version 0.26-a0-597-gb535b0901c (webtiles) character file.

Game seed: 12954387584774797854

95 Lanoc the Skirmisher (level 4, -3/42 HPs)
             Began as a Minotaur Delver on Sept 7, 2020.
             Slain by a white imp (4 damage)
             ... on level 6 of the Dungeon.
             The game lasted 00:00:28 (25 turns).

Lanoc the Skirmisher (Minotaur Delver)                Turns: 25, Time: 00:00:28

Health: -3/42      AC:  3    Str: 17    XL:     4   Next: 40%
Magic:  3/3        EV: 13    Int:  7    God:
Gold:   0          SH:  0    Dex: 12    Spells: 3/3 levels left

rFire    . . .     SeeInvis .   a - +0 falchion
rCold    . . .     Faith    .   (no shield)
rNeg     . . .     Spirit   .   b - +0 leather armour
rPois    .         Reflect  .   (helmet restricted)
rElec    .         Harm     .   (no cloak)
rCorr    .                      (no gloves)
MR       .....                  (no boots)
Stlth    ++........             (no amulet)
HPRegen  0.14/turn              (no ring)
MPRegen  0.08/turn              (no ring)

@: hasted, very quick
A: retaliatory headbutt, horns 2
a: no special abilities


You were on level 6 of the Dungeon.
You visited 1 branch of the dungeon, and saw 2 of its levels.

Inventory:

Hand Weapons
 a - a +0 falchion (weapon)
Armour
 b - a +0 leather armour (worn)
Wands
 g - a wand of digging (3)
Scrolls
 c - a scroll of fog
 e - a scroll of fear


   Skills:
 + Level 5.1 Fighting
 - Level 2.4 Long Blades
 + Level 4.0 Dodging
 - Level 4.1 Stealth


You had 3 spell levels left.
You didn't know any spells.
Your spell library was empty.

Dungeon Overview and Level Annotations

Branches:
Dungeon (6/15)
 Temple: D:4-7

Altars:


Innate Abilities, Weirdness & Mutations

You reflexively headbutt those who attack you in melee.
You have a pair of horns on your head.


Message History

The white imp closely misses you.
You riposte.
You closely miss the white imp. Your headbutt misses the white imp.
The white imp is moderately wounded.
You hit the white imp but do no damage.
The white imp is moderately wounded.
The white imp hits you.
* * * LOW HITPOINT WARNING * * *
The white imp freezes you.
* * * LOW HITPOINT WARNING * * *
A centaur comes into view.
You feel yourself speed up. The centaur hits you.
* * * LOW HITPOINT WARNING * * *
The white imp gestures at you. The puff of frost misses you.
You hit the white imp. Your headbutt misses the white imp.
The white imp is heavily wounded.
The centaur completely misses you. The white imp hits you.
* * * LOW HITPOINT WARNING * * *
The white imp freezes you.
You die...

**** *,,,,,,,# *,,,,** *
****,,,.# **,**,** *
*******###,.# **,,,*,*, *
*,,,,,,..#..#* *,,,,*,*, *
*,*****#.#.#,** *,,,,*,*≈ * *,*
####..#**,***,****,*≈ * *,*
#.<)?## **,*,,,,,,,** * *,*
#.##.c#**,**,,******* * *,*
#.*#@#.#,***,,* * * *,*
#.*#5#,.#* *,,* * * *,*
#.*#.#,*#***,,* *
*********,**#.*#.#,*,,,,,,* *
,,,,,,,,,,,*#.*#..,,,,,,,,*******
,********,,*#.*###,,,,,,*,*,,,,,*
,,,,,,* *,,**,* ***,,,,,_,,***,,
,,,,,,* *,,**,* *,,,,*,*** **,
,***,,* *,,**,* *****,,* **


You could see a centaur and a white imp.

Vanquished Creatures
  An ogre (D:6)
  A worker ant zombie (D:6)
2 creatures vanquished.

Notes
Turn   | Place    | Note
-------+----------+-------------------------------------------
     0 | D:5      | Lanoc the Minotaur Delver began the quest for the Orb.
     0 | D:5      | Reached XP level 1. HP: 19/19 MP: 0/0
     5 | D:6      | Noticed an ogre
    14 | D:6      | Killed an ogre
    14 | D:6      | Reached skill level 5 in Fighting
    14 | D:6      | Reached XP level 2. HP: 10/29 MP: 1/1
    14 | D:6      | Reached XP level 3. HP: 13/36 MP: 2/2
    14 | D:6      | Reached XP level 4. HP: 15/42 MP: 3/3
    23 | D:6      | Noticed a centaur
    25 | D:6      | HP: 1/42 [white imp (4)]
    25 | D:6      | Slain by a white imp

Illustrated notes

Levels and vault maps discovered:
D:5:      layout_cave_pools, nicolae_overflow_crystal_walls,
          kennysheep_mini_moat
D:6:      layout_loops_ring, lemuel_crystal_altar, gup_sewer_entry_pipe,
          st_stairs_8

Skill      XL: |  1  2  3  4 |
---------------+-------------+-----
Fighting       | 5 |  5.1
Dodging        | 3 4 |  4.0
Long Blades    | |  2.4
Stealth        | |  4.1

Action                   |  1- 3 |  4- 6 || total
-------------------------+-------+-------++-------
Melee: Falchion          |     8 |     7 ||    15
       Headbutt          |     4 |     1 ||     5
  Use: Scroll            |     1 |       ||     1
       Potion            |       |     1 ||     1
Armor: Leather armour    |       |     1 ||     1
Dodge: Dodged            |     5 |     5 ||    10
       Rpst.: Falchion   |     2 |     1 ||     3

Table legend: (Time is in decaauts)
 A = Elapsed time spent in this place.
 B = Non-inter-level travel time spent in this place.
 C = Inter-level travel time spent in this place.
 D = Time resting spent in this place.
 E = Time spent auto-exploring this place.
 F = Levels seen in this place.
 G = Mean time per level.
                   A        B        C        D        E       F      G
               +--------+--------+--------+--------+--------+-----+--------+
         Total |     27 |     27 |      0 |      0 |      0 |   2 |   13.5 |
       Dungeon |     27 |     27 |      0 |      0 |      0 |   2 |   13.5 |
               +--------+--------+--------+--------+--------+-----+--------+

Top non-repeatable levels by time:
     D:6: 24 daAuts
     D:5: 3 daAuts
